 Dungeon Crawl Stone Soup version 0.20-a0-1062-g7b787ac (webtiles) character file.

189 kuniqs the Chopper (level 5, -3/45 HPs)
             Began as a Hill Orc Gladiator on Apr 27, 2017.
             Slain by a phantom (8 damage)
             ... on level 4 of the Dungeon.
             The game lasted 00:04:08 (2926 turns).

kuniqs the Chopper (Hill Orc Gladiator)             Turns: 2926, Time: 00:04:09

Health: -3/45      AC:  8    Str: 17    XL:     5   Next: 68%
Magic:  5/5        EV: 11    Int:  8    God:
Gold:   138        SH:  0    Dex: 13    Spells: 4/4 levels left

rFire    . . .     SeeInvis .   a - +0 war axe
rCold    . . .     Gourm    .   (no shield)
rNeg     . . .     Faith    .   g - +0 scale mail
rPois    +         Spirit   .   c - +0 helmet
rElec    .         Reflect  .   (no cloak)
rCorr    .         Harm     .   (no gloves)
MR       .....                  (no boots)
Stlth    ..........             (no amulet)
Regen    0.2/turn               h - +1 ring of protection
MPRegen  0.1/turn               w - ring of poison resistance

@: no status effects
A: no striking features
a: no special abilities


You were on level 4 of the Dungeon.
You were not hungry.

You visited 1 branch of the dungeon, and saw 4 of its levels.

You collected 138 gold pieces.

Inventory:

Hand Weapons
 a - a +0 war axe (weapon)
Missiles
 t - 3 throwing nets (quivered)
Armour
 c - a +0 helmet (worn)
 g - a +0 scale mail (worn)
Jewellery
 h - a +1 ring of protection (left hand)
 l - an uncursed ring of positive energy
 w - a ring of poison resistance (right hand)
Wands
 v - a wand of iceblast (8/15)
Scrolls
 e - a scroll of immolation {unknown}
 i - 2 scrolls of blinking {unknown}
 m - 2 scrolls of teleportation {unknown}
 p - a scroll of fog {unknown}
 q - 3 scrolls of remove curse {unknown}
 r - 2 scrolls of fear {unknown}
 s - 2 scrolls of amnesia {unknown}
 u - a scroll of recharging {unknown}
Potions
 k - 2 potions of lignification {unknown}
 n - 2 potions of mutation {unknown}
 o - 2 potions of resistance {unknown}
Comestibles
 b - 2 chunks of flesh
 d - 4 bread rations
 f - a fruit
 j - 2 royal jellies


   Skills:
 + Level 3.4 Fighting
 + Level 5.7 Axes
 - Level 1.7 Throwing
 + Level 2.4 Armour
 + Level 3.4 Dodging


You had 4 spell levels left.
You didn't know any spells.

Dungeon Overview and Level Annotations

Branches:
Dungeon (4/15)
 Temple: D:4-7

Altars:


Message History

The phantom blinks!
You completely miss the phantom. The phantom hits you.
* * * LOW HITPOINT WARNING * * *
The phantom blinks!
The phantom blinks!
You closely miss the phantom. The phantom barely misses you.
The phantom hits you but does no damage.
You closely miss the phantom. The phantom barely misses you.
You closely miss the phantom. The phantom hits you.
* * * LOW HITPOINT WARNING * * *
You closely miss the phantom.
The phantom hits you but does no damage.
You miss the phantom. The phantom completely misses you.
You slash the phantom! The phantom closely misses you. The phantom hits you.
* * * LOW HITPOINT WARNING * * *
You miss the phantom. The phantom closely misses you.
You closely miss the phantom. The phantom hits you.
* * * LOW HITPOINT WARNING * * *
You completely miss the phantom. The phantom hits you!
You die...

.###.###.....# .#
.............# .#
.##########..#..#
#..#..###
#####..#....
#####.รท....##.######
#)..................
#..........##.######
#....W@....##.#
........(....##.#
#.##...........#.# #
#.........#.#?#
#.........#...#
#.........##..#
#....#######..# #....
#..# ...## #.>#


You could see a phantom.

Vanquished Creatures
  8 adders
  6 worms
  12 orcs (D:3)
  12 bats
  2 giant cockroaches (D:1)
  11 goblins
  8 hobgoblins
  3 quokkas
  7 frilled lizards
  10 kobolds
  10 rats
89 creatures vanquished.

Notes
Turn   | Place    | Note
-------+----------+-------------------------------------------
     0 | D:1      | kuniqs the Hill Orc Gladiator began the quest for the Orb.
     0 | D:1      | Reached XP level 1. HP: 18/18 MP: 1/1
   279 | D:1      | Reached XP level 2. HP: 25/25 MP: 2/2
   909 | D:1      | Reached XP level 3. HP: 30/30 MP: 3/3
   966 | D:2      | Reached skill level 1 in Armour
  1349 | D:2      | Reached skill level 5 in Axes
  1349 | D:2      | Reached XP level 4. HP: 25/37 MP: 4/4
  1996 | D:3      | Reached XP level 5. HP: 36/45 MP: 5/5
  2848 | D:4      | Noticed a phantom
  2926 | D:4      | Slain by a phantom

Vault maps used:
D:1:      matt_arrival_diagonals, serial_forest, infiniplex_forest_fountain,
          infiniplex_forest_lined_corner, infiniplex_forest_clump_double,
          infiniplex_forest_straight_2, infiniplex_forest_end_2
D:2:      kennysheep_the_goblin_king
D:4:      first_bread

Skill      XL: |  1  2  3  4  5 |
---------------+----------------+-----
Armour         | 1 2 |  2.4
Axes           | 5 |  5.7
Dodging        | 3 |  3.4
Fighting       | 3 |  3.4
Throwing       | |  1.7

Action                   |  1- 3 |  4- 6 || total
-------------------------+-------+-------++-------
Melee: War axe           |   109 |   223 ||   332
 Stab: Sleeping          |     1 |       ||     1
  Eat: Chunk             |     2 |     5 ||     7
Armor: Leather armour    |    41 |    12 ||    53
       Scale mail        |       |    94 ||    94
Dodge: Dodged            |    71 |   148 ||   219
